[Event "Titled Tuesday Blitz February 15 Early 2022"]
[White "Moskvin, Anatoly"]
[Black "Davtyan, Artur"]
[WhiteFideId "24199990"]
[BlackFideId "13308327"]
[WhiteElo "2079"]
[BlackElo "2311"]
[Result "0-1"]
[Round "01"]
[TimeControl "180+1"]
[Date "2022.02.15"]
[WhiteClock "0:01:17"]
[BlackClock "0:02:21"]

1. e4 c5 2. Nf3 Nc6 3. g3 g6 4. Bg2 Bg7 5. O-O e5 6. d3 Nge7 7. Be3 d6 8. Qd2 O-O 9. Bh6 f5 10. Bxg7 Kxg7 11. exf5 Bxf5 12. Nc3 Qd7 13. Nh4 Bh3 14. Rae1 Nd4 15. f4 Bxg2 16. Nxg2 Nec6 17. Nd5 exf4 18. Ngxf4 Ne5 19. Qg2 Rae8 20. c3 Nef3+ 21. Rxf3 Nxf3+ 22. Qxf3 Rxe1+ 23. Kg2 Re5 24. d4 cxd4 25. cxd4 Ref5 26. Qe2 Re8 27. Qc2 Qc6 28. Qxc6 bxc6 29. Nc3 g5 30. Nd3 Re3 31. Nb4 c5 32. dxc5 dxc5 33. Nbd5 Rxd5 34. Nxd5 Re2+ 0-1


[Site "https://www.chess.com"]

[Event "Titled Tuesday Blitz February 15 Early 2022"]
[White "Namitbir Singh Walia"]
[Black "Mikhailov, Viacheslav"]
[WhiteFideId "35071068"]
[BlackFideId "4187369"]
[WhiteElo "1479"]
[BlackElo "2381"]
[Result "0-1"]
[Round "01"]
[TimeControl "180+1"]
[Date "2022.02.15"]
[WhiteClock "0:00:33"]
[BlackClock "0:01:11"]

1. e4 c5 2. Nf3 d6 3. d4 cxd4 4. Nxd4 Nf6 5. Nc3 a6 6. Be3 e6 7. a4 Be7 8. Be2 Qc7 9. O-O O-O 10. f4 Nc6 11. Kh1 Bd7 12. Nb3 Rfd8 13. a5 Re8 14. g4 d5 15. e5 Ne4 16. Nxe4 dxe4 17. Bb6 Qc8 18. c3 Na7 19. Qc2 Nb5 20. Kg1 Bc6 21. Rad1 Nc7 22. c4 Rb8 23. Nd4 Na8 24. Ba7 Qc7 25. Qc3 Rbc8 26. c5 Bd5 27. b4 Qd7 28. Nc2 Nc7 29. Ne3 Nb5 30. Qd2 Nxa7 0-1


[Site "https://www.chess.com"]

[Event "Titled Tuesday Blitz February 15 Early 2022"]
[White "Navara, David"]
[Black "Manukyan, Sargis A."]
[WhiteFideId "309095"]
[BlackFideId "13303970"]
[WhiteElo "2686"]
[BlackElo "2187"]
[Result "1-0"]
[Round "01"]
[TimeControl "180+1"]
[Date "2022.02.15"]
[WhiteClock "0:00:51"]
[BlackClock "0:00:21"]

1. d4 d5 2. c4 e6 3. Nc3 Nf6 4. cxd5 exd5 5. Bg5 Be7 6. e3 O-O 7. Bd3 Nbd7 8. Nge2 b6 9. Ng3 Bb7 10. Nf5 Re8 11. Qf3 Bf8 12. O-O-O h6 13. h4 c5 14. g4 c4 15. Bc2 b5 16. Bxf6 Nxf6 17. g5 Ne4 18. Rdg1 b4 19. Nxe4 dxe4 20. Nxh6+ gxh6 21. gxh6+ Kh8 22. Qxf7 Bxh6 23. Rg6 Qb6 24. Rxb6 axb6 25. Qxb7 Rxa2 26. Qc6 1-0


[Site "https://www.chess.com"]

[Event "Titled Tuesday Blitz February 15 Early 2022"]
[White "Nesterov, Arseniy"]
[Black "Guliev, Logman"]
[WhiteFideId "24198455"]
[BlackFideId "13400061"]
[WhiteElo "2489"]
[BlackElo "2128"]
[Result "1-0"]
[Round "01"]
[TimeControl "180+1"]
[Date "2022.02.15"]
[WhiteClock "0:01:31"]
[BlackClock "0:01:42"]

1. d4 Nf6 2. c4 e6 3. Nf3 Bb4+ 4. Bd2 Qe7 5. g3 O-O 6. Bg2 d5 7. O-O Bxd2 8. Nbxd2 Nbd7 9. Qc2 c6 10. e4 dxe4 11. Nxe4 Nxe4 12. Qxe4 Nf6 13. Qe3 Rd8 14. Ne5 Bd7 15. Rad1 Be8 16. h4 Qc7 17. Rfe1 Nd7 18. Nd3 Nf6 19. b3 a5 20. Nc5 b6 21. Ne4 Nxe4 22. Bxe4 Rac8 23. h5 Qe7 24. h6 g6 25. Bg2 Qf6 26. d5 cxd5 27. cxd5 exd5 28. Rxd5 Rxd5 29. Qxe8+ 1-0


[Site "https://www.chess.com"]

[Event "Titled Tuesday Blitz February 15 Early 2022"]
[White "Nguyen Hong Nhung"]
[Black "Sanal, Vahap"]
[WhiteFideId "12412201"]
[BlackFideId "6300545"]
[WhiteElo "1661"]
[BlackElo "2603"]
[Result "0-1"]
[Round "01"]
[TimeControl "180+1"]
[Date "2022.02.15"]
[WhiteClock "0:00:17"]
[BlackClock "0:00:50"]

1. e4 d6 2. d4 Nf6 3. Nc3 e5 4. Nf3 Nbd7 5. Bc4 Be7 6. O-O O-O 7. Bb3 h6 8. Re1 c6 9. h3 Re8 10. Be3 exd4 11. Nxd4 Bf8 12. Bf4 Nc5 13. Qf3 Nxb3 14. axb3 Nd7 15. Rad1 Qf6 16. Qg3 Ne5 17. Re2 Ng6 18. Be3 Bd7 19. Red2 b5 20. b4 a5 21. bxa5 b4 22. Na4 c5 23. Nb6 cxd4 24. Bxd4 Qd8 25. Nxa8 Qxa8 26. Bb6 Rxe4 27. Rd4 Re5 28. Rxb4 Rg5 29. Rg4 Bxg4 30. hxg4 Ne5 31. Rd4 Nc6 32. Ra4 Qb7 33. Be3 Rxa5 34. Rxa5 Nxa5 35. b3 Qe4 36. Bf4 Qxc2 37. Bxd6 Qd1+ 38. Kh2 Bxd6 39. f4 Qd2 40. Kh3 Qxf4 41. Qxf4 Bxf4 0-1


[Site "https://www.chess.com"]

[Event "Titled Tuesday Blitz February 15 Early 2022"]
[White "Nguyen, Ngoc Truong Son"]
[Black "Bouchet, Sebastien"]
[WhiteFideId "12401110"]
[BlackFideId "623571"]
[WhiteElo "2596"]
[BlackElo "2424"]
[Result "1-0"]
[Round "01"]
[TimeControl "180+1"]
[Date "2022.02.15"]
[WhiteClock "0:01:19"]
[BlackClock "0:00:15"]

1. e4 c5 2. Nf3 g6 3. d4 cxd4 4. Qxd4 Nf6 5. e5 Nc6 6. Qa4 Nd5 7. Qe4 Nb6 8. Bf4 d5 9. Qe3 d4 10. Qd2 a6 11. Bd3 Be6 12. O-O Bd5 13. Qe2 Bg7 14. Nbd2 O-O 15. a3 Qd7 16. h3 Rfd8 17. Ng5 h6 18. e6 Bxe6 19. Nxe6 Qxe6 20. Qxe6 fxe6 21. Bc7 Nd5 22. Bxd8 Rxd8 23. Bxg6 Nf4 24. Be4 d3 25. c3 Rd7 26. Rfe1 Kf7 27. h4 Ne5 28. g3 Ne2+ 29. Kg2 b5 30. Rad1 Nc4 31. Nxc4 bxc4 32. Bf3 Nxc3 33. bxc3 Bxc3 34. Re4 Bd4 35. Bg4 Rd6 36. Bxe6+ Kf6 37. Bxc4 1-0


[Site "https://www.chess.com"]

[Event "Titled Tuesday Blitz February 15 Early 2022"]
[White "Niemann, Hans Moke"]
[Black "Rodchenkov, Sergey D."]
[WhiteFideId "2093596"]
[BlackFideId "4168712"]
[WhiteElo "2636"]
[BlackElo "2306"]
[Result "1-0"]
[Round "01"]
[TimeControl "180+1"]
[Date "2022.02.15"]
[WhiteClock "0:02:29"]
[BlackClock "0:02:01"]

1. d4 d5 2. Nc3 Nf6 3. Bf4 c5 4. e4 cxd4 5. Qxd4 Nc6 6. Bb5 Bd7 7. Bxc6 Bxc6 8. e5 Ng8 9. e6 fxe6 10. Nf3 e5 11. Bxe5 Nf6 12. O-O-O Qd7 13. Rhe1 O-O-O 14. Qxa7 1-0


[Site "https://www.chess.com"]

[Event "Titled Tuesday Blitz February 15 Early 2022"]
[White "Ozkan, Taha"]
[Black "Sovetbekova, Nurai"]
[WhiteFideId "34577173"]
[BlackFideId "13801910"]
[WhiteElo "2024"]
[BlackElo "1545"]
[Result "1-0"]
[Round "01"]
[TimeControl "180+1"]
[Date "2022.02.15"]
[WhiteClock "0:01:18"]
[BlackClock "0:00:02"]

1. d4 Nf6 2. c4 g6 3. Nc3 d5 4. Nf3 Bg7 5. Qb3 c6 6. Bg5 e6 7. cxd5 exd5 8. e3 O-O 9. Be2 Nbd7 10. O-O Nb6 11. Rfc1 Bg4 12. h3 Bf5 13. Na4 Nxa4 14. Qxa4 Qb6 15. b4 Ne4 16. Be7 Rfe8 17. Bc5 Qd8 18. b5 cxb5 19. Bxb5 Nxc5 20. Rxc5 Re7 21. Qb3 Be6 22. Rac1 b6 23. R5c3 Rc8 24. Ba6 Rxc3 25. Qxc3 h6 26. Qc6 Kh7 27. Nd2 Qd7 28. Qxd7 Rxd7 29. Nf3 f5 30. Ne1 Kg8 31. Nd3 Kf7 32. Nf4 g5 33. Nxe6 Kxe6 34. Bc8 Ke7 35. Bxd7 Kxd7 36. Kf1 Bf8 37. Ke2 Ba3 38. Rc2 Bd6 39. g4 f4 40. Kd3 a6 41. e4 Ke6 42. f3 dxe4+ 43. Kxe4 Be7 44. Rc6+ 1-0


[Site "https://www.chess.com"]

[Event "Titled Tuesday Blitz February 15 Early 2022"]
[White "Paravyan, David"]
[Black "Atanasov, Anthony"]
[WhiteFideId "4194985"]
[BlackFideId "2623897"]
[WhiteElo "2569"]
[BlackElo "1928"]
[Result "1-0"]
[Round "01"]
[TimeControl "180+1"]
[Date "2022.02.15"]
[WhiteClock "0:00:15"]
[BlackClock "0:00:01"]

1. e4 c5 2. Nf3 d6 3. d4 cxd4 4. Nxd4 Nf6 5. Nc3 a6 6. Bg5 Nbd7 7. f4 Qc7 8. Qf3 h6 9. Bxf6 Nxf6 10. f5 Qc5 11. O-O-O g5 12. fxg6 Bg4 13. gxf7+ Kxf7 14. Qd3 Bxd1 15. Nxd1 b5 16. Qb3+ Ke8 17. Ne6 Qc6 18. Nc3 Nxe4 19. Nd5 h5 20. Nec7+ Kd8 21. Ne6+ Kc8 22. Nxf8 Ra7 23. Ne6 Nc5 24. Nxc5 dxc5 25. Be2 c4 26. Qe3 Rd7 27. Nb6+ 1-0


[Site "https://www.chess.com"]

[Event "Titled Tuesday Blitz February 15 Early 2022"]
[White "Peatman, Carter"]
[Black "Vakhlamov, Igor L."]
[WhiteFideId "2096480"]
[BlackFideId "24126748"]
[WhiteElo "2395"]
[BlackElo "2401"]
[Result "0-1"]
[Round "01"]
[TimeControl "180+1"]
[Date "2022.02.15"]
[WhiteClock "0:00:09"]
[BlackClock "0:00:07"]

1. d4 d5 2. Bf4 Nf6 3. e3 Bf5 4. c4 e6 5. Nc3 Bb4 6. Qb3 Nc6 7. Nf3 O-O 8. Ne5 Bxc3+ 9. Qxc3 Nxe5 10. Bxe5 Ne4 11. Qb4 b6 12. cxd5 exd5 13. Ba6 c5 14. Qb3 Qh4 15. O-O Nd2 16. Qxd5 Be4 17. Qd7 Nxf1 18. Rxf1 Rfd8 19. Qa4 cxd4 20. exd4 h5 21. Qb3 Bd5 22. Qe3 Qg4 23. f3 Qg6 24. h4 Re8 25. Qf2 f6 26. Bf4 Re7 27. Bb5 Rc8 28. b3 Rc2 29. Bd2 Rxa2 30. Rd1 Bxb3 31. Rc1 Rc2 32. Rf1 Bc4 33. Re1 Rxe1+ 34. Qxe1 Bxb5 35. Qe3 Bc6 36. Kh2 Kh7 37. Qf4 Bd5 38. Bb4 Qxg2# 0-1


[Site "https://www.chess.com"]

[Event "Titled Tuesday Blitz February 15 Early 2022"]
[White "Petrova, Irina"]
[Black "Viani Antonio Dcunha"]
[WhiteFideId "14124122"]
[BlackFideId "5027330"]
[WhiteElo "1988"]
[BlackElo "2366"]
[Result "0-1"]
[Round "01"]
[TimeControl "180+1"]
[Date "2022.02.15"]
[WhiteClock "0:00:16"]
[BlackClock "0:01:17"]

1. e4 c5 2. Nf3 e6 3. b3 d5 4. exd5 exd5 5. Bb5+ Nc6 6. O-O Nf6 7. Re1+ Be7 8. d4 O-O 9. Bb2 Ne4 10. Nbd2 Bf5 11. Nxe4 dxe4 12. Bxc6 bxc6 13. Ne5 Qc7 14. Qh5 g6 15. Qh6 Bf6 16. g4 cxd4 17. gxf5 Qxe5 18. fxg6 fxg6 19. Rad1 Rad8 20. f4 Qf5 21. Kh1 e3 22. Re2 c5 23. Rg2 Bg7 24. Qh4 Qxf4 25. Qh3 Rde8 26. Rdg1 Qf3 27. Qd7 e2 28. Ba3 e1=Q 0-1


[Site "https://www.chess.com"]

[Event "Titled Tuesday Blitz February 15 Early 2022"]
[White "Pichot, Alan"]
[Black "Ljukin, Sergei"]
[WhiteFideId "110973"]
[BlackFideId "14102200"]
[WhiteElo "2543"]
[BlackElo "2312"]
[Result "1-0"]
[Round "01"]
[TimeControl "180+1"]
[Date "2022.02.15"]
[WhiteClock "0:00:05"]
[BlackClock "0:00:01"]

1. e4 e6 2. d4 d5 3. Nc3 Bb4 4. e5 Ne7 5. a3 Bxc3+ 6. bxc3 c5 7. Qg4 Qc7 8. Qxg7 Rg8 9. Qxh7 cxd4 10. Qd3 Qxe5+ 11. Ne2 dxc3 12. Bf4 Qf6 13. h4 Nbc6 14. Qxc3 e5 15. Bg5 Qe6 16. Ng3 f6 17. Bd2 Bd7 18. Be2 Nf5 19. Nxf5 Qxf5 20. g4 Qe6 21. f3 Nd4 22. Bd1 Rc8 23. Qb2 Rxc2 24. Bxc2 Nxf3+ 25. Kd1 Qxg4 26. Qb4 Qg2 27. Re1 Nxe1 28. Bxe1 Rg4 29. Qd6 Rc4 30. Ra2 Qg4+ 31. Kc1 Qe6 32. Qxe6+ Bxe6 33. h5 e4 34. Rb2 b6 35. Rb4 Rc8 36. Kb2 Kf7 37. Bc3 Bf5 38. a4 Bg4 39. h6 Kg6 40. a5 Kxh6 41. axb6 axb6 42. Rxb6 Kg5 43. Bxf6+ Kf5 44. Bd4 Bf3 45. Bb3 Rd8 46. Kc3 Be2 47. Kd2 Bc4 48. Bxc4 dxc4 49. Ke3 Rc8 50. Rf6+ Kg5 51. Rf1 c3 52. Kxe4 c2 53. Rc1 Kg4 54. Kd3 Kf3 55. Bc3 Rd8+ 56. Kxc2 Rc8 57. Kd3 Rd8+ 58. Bd4 Kf4 59. Rf1+ Kg4 60. Ke4 Ra8 61. Rg1+ Kh5 62. Kf5 Ra5+ 63. Be5 Ra4 64. Rg8 1-0


[Site "https://www.chess.com"]

[Event "Titled Tuesday Blitz February 15 Early 2022"]
[White "Pinheiro, Iung Alicio de O."]
[Black "Ovezdurdyyeva, Jemal"]
[WhiteFideId "2104350"]
[BlackFideId "14001888"]
[WhiteElo "2654"]
[BlackElo "1946"]
[Result "1-0"]
[Round "01"]
[TimeControl "180+1"]
[Date "2022.02.15"]
[WhiteClock "0:00:21"]
[BlackClock "0:00:10"]

1. e4 d6 2. d4 Nf6 3. Nc3 g6 4. Be3 c6 5. Qd2 h5 6. h3 b5 7. Bd3 b4 8. Nce2 a5 9. Nf3 Bg7 10. a3 bxa3 11. Rxa3 Qb6 12. c3 Ba6 13. O-O Bxd3 14. Qxd3 Qxb2 15. Rfa1 Qb6 16. e5 Nd5 17. exd6 exd6 18. Nf4 Ne7 19. c4 O-O 20. c5 dxc5 21. dxc5 Qc7 22. R1a2 Na6 23. Qc4 Nb4 24. Rd2 Ned5 25. Nxd5 Nxd5 26. Bd4 Bxd4 27. Nxd4 Rab8 28. g3 Rfe8 29. Nxc6 Rb1+ 30. Kh2 Qxc6 31. Qxd5 Qxd5 32. Rxd5 Re2 33. Kg2 Rbb2 34. Rf3 Rec2 35. Rd8+ Kg7 36. Rd7 a4 37. Rfxf7+ Kg8 38. Rg7+ Kf8 39. Rgf7+ Ke8 40. Rde7+ Kd8 41. Ra7 Rxc5 42. Rf8# 1-0


[Site "https://www.chess.com"]

[Event "Titled Tuesday Blitz February 15 Early 2022"]
[White "Polster, Christian"]
[Black "Alavi, Sayed Javad"]
[WhiteFideId "12965081"]
[BlackFideId "12500607"]
[WhiteElo "2297"]
[BlackElo "2475"]
[Result "0-1"]
[Round "01"]
[TimeControl "180+1"]
[Date "2022.02.15"]
[WhiteClock "0:00:54"]
[BlackClock "0:01:38"]

1. e4 c6 2. Nc3 d5 3. Nf3 dxe4 4. Nxe4 Nf6 5. Nxf6+ exf6 6. d4 Bd6 7. Bd3 O-O 8. O-O Bg4 9. h3 Bh5 10. Re1 Nd7 11. c4 a5 12. Be3 a4 13. Be2 a3 14. b3 Re8 15. c5 Bc7 16. b4 f5 17. Qb3 Nf6 18. Bg5 h6 19. Bxf6 Qxf6 20. Rad1 Re4 21. d5 cxd5 22. Qxd5 Rxb4 23. Nd4 Bxe2 24. Rxe2 Rd8 0-1


[Site "https://www.chess.com"]

[Event "Titled Tuesday Blitz February 15 Early 2022"]
[White "Ponkratov, Pavel"]
[Black "Ronka, Erik"]
[WhiteFideId "4157800"]
[BlackFideId "505080"]
[WhiteElo "2487"]
[BlackElo "2264"]
[Result "1-0"]
[Round "01"]
[TimeControl "180+1"]
[Date "2022.02.15"]
[WhiteClock "0:00:47"]
[BlackClock "0:00:04"]

1. c4 Nf6 2. Nc3 g6 3. e4 d6 4. d4 Bg7 5. f4 c5 6. Nf3 cxd4 7. Nxd4 O-O 8. Be2 Nc6 9. Be3 Bd7 10. Qd2 Rc8 11. O-O a6 12. Rad1 Re8 13. h3 Nxd4 14. Bxd4 Bc6 15. e5 dxe5 16. fxe5 Nd7 17. Rxf7 Bxe5 18. Rf2 Bxd4 19. Qxd4 Nf6 20. Qe5 Qb6 21. c5 Qc7 22. Qe6+ Kg7 23. Bc4 Rf8 24. Re2 Rce8 25. b4 Bd7 26. Qe5 Qxe5 27. Rxe5 Bc6 28. a4 Bd7 29. b5 axb5 30. axb5 Bc8 31. Be2 Nd7 32. Red5 Nf6 33. R5d2 e5 34. Rd6 e4 35. b6 h5 36. Nb5 Bf5 37. R6d4 Rc8 38. Rc1 Rc6 39. Nd6 Be6 40. Bb5 Rxd6 41. cxd6 Bf5 42. Rc7+ Kh6 43. Rxb7 e3 44. Re7 Rd8 45. Rxe3 Nd7 46. Bxd7 Rxd7 47. Re7 Rd8 48. b7 Kg5 49. h4+ Kf6 50. Rc7 Re8 51. d7 Rd8 52. Rc8 1-0


[Site "https://www.chess.com"]

[Event "Titled Tuesday Blitz February 15 Early 2022"]
[White "Redzisz, Michal"]
[Black "Tasev, Dejan"]
[WhiteFideId "21816107"]
[BlackFideId "936618"]
[WhiteElo "1961"]
[BlackElo "2253"]
[Result "0-1"]
[Round "01"]
[TimeControl "180+1"]
[Date "2022.02.15"]
[WhiteClock "0:00:01"]
[BlackClock "0:00:13"]

1. b4 Nf6 2. Bb2 e6 3. b5 d5 4. e3 g6 5. Nf3 Bg7 6. Be2 O-O 7. O-O Nbd7 8. a4 a5 9. d4 b6 10. Nbd2 Bb7 11. Rc1 Rc8 12. c4 dxc4 13. Nxc4 Nd5 14. Ba3 Re8 15. Qb3 h6 16. Rfd1 g5 17. Bf1 g4 18. Nfe5 Nxe5 19. Nxe5 Qg5 20. Nc6 h5 21. e4 Nf4 22. Qe3 Bxc6 23. Rxc6 h4 24. g3 hxg3 25. hxg3 e5 26. gxf4 exf4 27. Qd3 Rcd8 28. d5 f5 29. exf5 g3 30. fxg3 Re3 31. Rg6 Qh5 32. Qd4 Rxg3+ 33. Rxg3 fxg3 34. Qd2 Rf8 35. Qg2 Rxf5 36. d6 Qxd1 37. Qxg3 Qd4+ 0-1


[Site "https://www.chess.com"]

[Event "Titled Tuesday Blitz February 15 Early 2022"]
[White "Rojas Salas, Steven"]
[Black "Chigaev, Maksim"]
[WhiteFideId "3819434"]
[BlackFideId "4108116"]
[WhiteElo "2075"]
[BlackElo "2502"]
[Result "0-1"]
[Round "01"]
[TimeControl "180+1"]
[Date "2022.02.15"]
[WhiteClock "0:00:03"]
[BlackClock "0:00:05"]

1. d4 d6 2. Nf3 g6 3. c4 Bg7 4. Nc3 Nf6 5. g3 O-O 6. Bg2 c5 7. O-O Nc6 8. dxc5 dxc5 9. Be3 b6 10. Qxd8 Rxd8 11. Rad1 Bd7 12. h3 Be8 13. Nd2 Rac8 14. b3 Nd4 15. Nde4 Nxe4 16. Bxe4 e6 17. Rfe1 Nxb3 18. axb3 Bxc3 19. Rxd8 Rxd8 20. Rc1 Bf6 21. h4 h5 22. Kf1 Kg7 23. Kg2 a5 24. Rb1 Bc3 25. Kf3 f5 26. Bc2 Bc6+ 27. Kf4 Kf6 28. Bc1 e5+ 29. Ke3 Bd4+ 30. Kd2 Bxf2+ 31. Kc3 Bd4+ 32. Kd2 Bf2+ 33. Kc3 f4 34. gxf4 Bd4+ 35. Kd3 e4+ 36. Kd2 Bf2+ 37. Kc3 Bxh4 38. Be3 Kf5 39. Rh1 Bf6+ 40. Bd4 Bxd4+ 41. Kd2 Be5+ 42. Ke3 Bxf4+ 43. Kf2 Rd2 44. Bb1 Kf6 45. Rg1 e3+ 46. Ke1 g5 47. Bd3 h4 48. b4 axb4 49. Rf1 h3 50. Bb1 h2 51. Be4 h1=Q 0-1


[Site "https://www.chess.com"]

[Event "Titled Tuesday Blitz February 15 Early 2022"]
[White "Rustemov, Alexander"]
[Black "Eynullayev, Atilla"]
[WhiteFideId "4119002"]
[BlackFideId "13413570"]
[WhiteElo "2792"]
[BlackElo "1979"]
[Result "1-0"]
[Round "01"]
[TimeControl "180+1"]
[Date "2022.02.15"]
[WhiteClock "0:00:07"]
[BlackClock "0:00:08"]

1. d4 Nf6 2. c4 e6 3. Nf3 b6 4. a3 Bb7 5. Nc3 d5 6. Bg5 Be7 7. Bxf6 Bxf6 8. cxd5 exd5 9. Qa4+ Bc6 10. Qc2 O-O 11. g3 Bb7 12. Bg2 Nd7 13. O-O a6 14. Rfd1 Re8 15. Rac1 Qe7 16. e3 Rac8 17. b4 c5 18. dxc5 Bxc3 19. Qxc3 bxc5 20. bxc5 Rxc5 21. Qb2 Rb5 22. Qa1 Nc5 23. Nd4 Nb3 24. Nxb3 Rxb3 25. Rc3 Rxc3 26. Qxc3 Rc8 27. Qb4 Qd7 28. h4 g6 29. Qd4 Qe7 30. Bf1 Rc2 31. a4 Qe6 32. Bd3 Ra2 33. Rb1 Qc6 34. Qb6 Ra1 35. Qxc6 Rxb1+ 36. Bxb1 Bxc6 37. a5 Bb5 38. Kg2 Kf8 39. Kf3 Ke7 40. Kf4 Ke6 41. g4 f6 42. g5 fxg5+ 43. hxg5 Bc4 44. Bc2 Kd6 45. f3 Ke6 46. Ba4 Kd6 47. Bd1 Ke6 48. Bc2 Kd6 49. Kg3 Ke5 50. f4+ Ke6 51. Kf2 Kd6 52. Ke1 Ke6 53. Kd2 Bb5 54. Kc3 Bc4 55. Kd4 Bb5 56. Bb3 Bc6 57. e4 Kd6 58. Bxd5 Be8 59. Bc4 1-0


[Site "https://www.chess.com"]

[Event "Titled Tuesday Blitz February 15 Early 2022"]
[White "Sadovsky, Artem"]
[Black "Osiecki, Stanislaw"]
[WhiteFideId "4155840"]
[BlackFideId "1102990"]
[WhiteElo "2369"]
[BlackElo "2127"]
[Result "1-0"]
[Round "01"]
[TimeControl "180+1"]
[Date "2022.02.15"]
[WhiteClock "0:02:40"]
[BlackClock "0:00:39"]

1. e4 e6 2. Nf3 d5 3. Nc3 d4 4. Ne2 c5 5. c3 dxc3 6. bxc3 g6 7. d4 cxd4 8. cxd4 Bg7 9. Be3 Ne7 10. Nc3 O-O 11. h4 h5 12. Be2 Nbc6 13. O-O b6 14. Rc1 Bb7 15. d5 exd5 16. exd5 Nb4 17. d6 Nf5 18. Bg5 Qxd6 19. Qb3 a5 20. a3 Na6 21. Rfd1 Qb8 22. Qxb6 Bxf3 23. Qxb8 Raxb8 24. Bxf3 Rb3 25. Nd5 Rxa3 26. Ne7+ Kh7 27. Nxf5 gxf5 28. Be7 Rxf3 29. gxf3 Re8 30. Rd7 Nb4 31. Bxb4 axb4 32. Rxf7 b3 33. Rb1 Rb8 34. Rxf5 b2 35. Rxh5+ Kg6 36. Rg5+ Kh6 37. Kg2 Rb4 38. Kg3 Bf6 39. Rg4 Be5+ 40. Kh3 Rb3 41. Re4 Rxf3+ 42. Kg4 Rxf2 43. Rxe5 1-0


[Site "https://www.chess.com"]

[Event "Titled Tuesday Blitz February 15 Early 2022"]
[White "Sahil, Tickoo"]
[Black "Kretov, Evgenij"]
[WhiteFideId "5019710"]
[BlackFideId "4167821"]
[WhiteElo "2099"]
[BlackElo "2303"]
[Result "0-1"]
[Round "01"]
[TimeControl "180+1"]
[Date "2022.02.15"]
[WhiteClock "0:00:29"]
[BlackClock "0:02:00"]

1. d4 Nf6 2. Bf4 d6 3. Nf3 g6 4. e3 Bg7 5. h3 O-O 6. Nbd2 Nbd7 7. c3 Re8 8. Bh2 e5 9. dxe5 Nxe5 10. Be2 Bf5 11. Nxe5 dxe5 12. Nc4 Nd5 13. O-O c6 14. a4 Qe7 15. Bg4 Rad8 16. Qf3 Bd3 17. Na5 Bxf1 18. Rxf1 f5 19. c4 fxg4 0-1


[Site "https://www.chess.com"]

[Event "Titled Tuesday Blitz February 15 Early 2022"]
[White "Samadov, Read"]
[Black "Garagulya, Konstantin"]
[WhiteFideId "13417444"]
[BlackFideId "4128931"]
[WhiteElo "2084"]
[BlackElo "2329"]
[Result "0-1"]
[Round "01"]
[TimeControl "180+1"]
[Date "2022.02.15"]
[WhiteClock "0:00:02"]
[BlackClock "0:00:06"]

1. d4 d5 2. c4 dxc4 3. e3 Nf6 4. Bxc4 e6 5. Nf3 a6 6. a4 c5 7. O-O Nc6 8. Nc3 cxd4 9. exd4 Be7 10. Re1 O-O 11. Bg5 Nb4 12. Ne5 Nbd5 13. Nxd5 Nxd5 14. Bxe7 Nxe7 15. Ra3 Bd7 16. Qg4 Bc6 17. Rh3 Nd5 18. Bd3 g6 19. Bxg6 fxg6 20. Nxg6 Rf7 21. Ne5+ Rg7 22. Qxe6+ Kh8 23. Nf7+ Rxf7 24. Qxf7 Qg8 25. Qxg8+ Kxg8 26. a5 Rd8 27. Rg3+ Kf7 28. h4 Nf4 29. Re5 Rxd4 30. Kh2 Kf6 31. Reg5 Ne6 32. Rg8 Rxh4+ 33. Kg1 Ra4 34. Re3 Rxa5 35. Rh8 Rh5 36. f3 Kf7 37. Rb8 Nf4 38. Kf2 Rg5 39. g3 Nd5 40. Rd3 Rh5 41. g4 Rh2+ 42. Kg3 Rxb2 43. f4 Rb4 44. f5 Nf6 45. g5 Rg4+ 46. Kh3 Rxg5 47. Rh8 Rxf5 48. Rdd8 Rf3+ 49. Kh4 Kg6 50. Rdf8 Kf5 51. Rxh7 Rf4+ 52. Kg3 Rf3+ 53. Kh4 a5 54. Rhf7 Ke6 55. Rc7 a4 56. Ra8 Kd6 57. Rf7 a3 58. Ra5 Ke6 59. Rf8 Rf2 60. Rxa3 Rh2+ 61. Kg3 Rg2+ 62. Kh4 Ne4 63. Rf4 Ke5 64. Rg4 Rh2+ 65. Rh3 Rxh3+ 66. Kxh3 Nf2+ 67. Kg3 Nxg4 0-1


[Site "https://www.chess.com"]

[Event "Titled Tuesday Blitz February 15 Early 2022"]
[White "Samaganova, Aleksandra"]
[Black "Balaji, Aaravamudhan"]
[WhiteFideId "13800221"]
[BlackFideId "436224"]
[WhiteElo "1859"]
[BlackElo "2085"]
[Result "0-1"]
[Round "01"]
[TimeControl "180+1"]
[Date "2022.02.15"]
[WhiteClock "0:00:03"]
[BlackClock "0:01:41"]

1. c4 b6 2. Nf3 Bb7 3. e3 Nf6 4. b3 e6 5. Bb2 Be7 6. d4 O-O 7. Nbd2 d5 8. Bd3 Nbd7 9. Qc2 a5 10. O-O Ra7 11. e4 dxe4 12. Nxe4 Nxe4 13. Bxe4 Bxe4 14. Qxe4 Nf6 15. Qc2 Qa8 16. Rfe1 a4 17. d5 Bb4 18. Red1 exd5 19. Bxf6 gxf6 20. cxd5 axb3 21. Qe4 Bc3 22. Rac1 bxa2 23. Rxc3 a1=Q 24. Rxa1 Rxa1+ 25. Ne1 Re8 26. Rg3+ Kh8 27. Re3 Rxe1+ 28. Rxe1 Rxe4 29. Rxe4 Qa1+ 30. Re1 Qxe1# 0-1


[Site "https://www.chess.com"]

[Event "Titled Tuesday Blitz February 15 Early 2022"]
[White "Samarth, J Rao"]
[Black "Shuvalov, Evgenij"]
[WhiteFideId "46652370"]
[BlackFideId "4187237"]
[WhiteElo "1514"]
[BlackElo "2119"]
[Result "0-1"]
[Round "01"]
[TimeControl "180+1"]
[Date "2022.02.15"]
[WhiteClock "0:00:01"]
[BlackClock "0:00:37"]

1. c4 Nf6 2. Nc3 d5 3. cxd5 Nxd5 4. d4 g6 5. e4 Nxc3 6. bxc3 Bg7 7. Bc4 c5 8. Ne2 O-O 9. O-O Nc6 10. Be3 Bg4 11. f3 Na5 12. Bxf7+ Rxf7 13. fxg4 Rxf1+ 14. Kxf1 Qd7 15. h3 Qe6 16. Qd3 Rd8 17. Kg1 cxd4 18. cxd4 Qc4 19. Qxc4+ Nxc4 20. Bf2 Nd2 21. e5 Rc8 22. Rc1 Rxc1+ 23. Nxc1 Kf7 24. Nb3 Nxb3 25. axb3 Ke6 26. Kf1 Kd5 27. Ke2 Ke4 28. Be3 e6 29. Kd2 Bf8 30. Bf2 Bb4+ 31. Ke2 Ba5 32. Be3 Bb6 33. Bg5 Bxd4 34. Be7 Bxe5 35. Bb4 Bc7 36. Be1 a5 37. Bf2 b5 38. Bc5 a4 39. bxa4 bxa4 40. Ba3 Be5 41. Kd2 Bd4 42. Ke2 Kd5 43. Kd3 e5 44. h4 e4+ 45. Kc2 Bc5 46. Bb2 a3 47. Bc1 Kc4 48. Bg5 Bd4 0-1


[Site "https://www.chess.com"]

[Event "Titled Tuesday Blitz February 15 Early 2022"]
[White "Samunenkov, Ihor"]
[Black "Hamley, Ryan"]
[WhiteFideId "14187086"]
[BlackFideId "30959497"]
[WhiteElo "2406"]
[BlackElo "2394"]
[Result "1-0"]
[Round "01"]
[TimeControl "180+1"]
[Date "2022.02.15"]
[WhiteClock "0:00:29"]
[BlackClock "0:00:26"]

1. e4 c6 2. Nf3 d5 3. d3 Bg4 4. h3 Bh5 5. g4 Bg6 6. Qe2 dxe4 7. dxe4 Nf6 8. Nc3 Nbd7 9. e5 Nd5 10. e6 fxe6 11. Ng5 Qa5 12. Bd2 Nxc3 13. bxc3 Qe5 14. Bg2 Bf7 15. Rb1 Qxe2+ 16. Kxe2 Rb8 17. Be3 c5 18. Bxb7 h6 19. Bc6 Rc8 20. Bxd7+ Kxd7 21. Nxf7 Rg8 22. Ne5+ Kd6 23. f4 g5 24. Rhd1+ 1-0


[Site "https://www.chess.com"]